 Dungeon Crawl Stone Soup version 0.28-a0-1447-ga5a8893891 (webtiles) character file.

Game seed: 17805470329078531311

38 HallandMoats the Skirmisher (level 3, 0/26 (29) HPs)
             Began as a Demonspawn Fighter on Jan 11, 2022.
             Was a Follower of Dithmenos.
             Slain by a necrophage (6 damage)
             ... on level 2 of the Dungeon.
             The game lasted 00:01:10 (1157 turns).

HallandMoats the Skirmisher (Demonspawn Fighter)    Turns: 1157, Time: 00:01:10

HP:   0/26 (29)     AC:  7    Str: 18    XL:     3   Next: 25%
MP:   3/3           EV:  9    Int:  9    God:    Dithmenos [*.....]
Gold: 68            SH:  4    Dex: 12    Spells: 2/2 levels left

rFire   . . .      SeeInvis .   b - +0 dagger (venom)
rCold   . . .      Faith    .   c - +0 buckler
rNeg    . . .      Spirit   .   g - +0 scale mail
rPois   .          Reflect  .   (no helmet)
rElec   .          Harm     .   (no cloak)
rCorr   .          Rampage  .   h - +0 pair of gloves
Will    .....                   (no boots)
Stlth   ..........              (no amulet)
HPRegen 0.08/turn               (no ring)
MPRegen 0.08/turn               (no ring)

@: wreathed by umbra, heavily drained
A: foul stench 1, weakness stinger 1
a: Renounce Religion


You were on level 2 of the Dungeon.
You worshipped Dithmenos.
Dithmenos was aware of your devotion.
You visited 1 branch of the dungeon, and saw 2 of its levels.

You collected 68 gold pieces.

Inventory:

Hand Weapons
 a - a +0 war axe
 b - a +0 dagger of venom (weapon)
Armour
 c - a +0 buckler (worn)
 g - a +0 scale mail (worn)
 h - a +0 pair of gloves (worn)
Scrolls
 e - a scroll of identify {unknown}
 f - a scroll of teleportation {unknown}
Potions
 d - a potion of might


   Skills:
 * Level 3.4 Fighting
 * Level 2.3 Axes
 + Level 2.9 Armour
 + Level 0.5 Dodging
 + Level 2.9 Shields


You had 2 spell levels left.
You didn't know any spells.
Your spell library was empty.

Dungeon Overview and Level Annotations

Branches:
Dungeon (2/15)

Altars:
Dithmenos


Innate Abilities, Weirdness & Mutations

You may rarely emit foul miasma when damaged in melee.
You have a small tail.


Message History

You are too injured to fight recklessly!
You are too injured to fight recklessly!
You are too injured to fight recklessly!
You are too injured to fight recklessly!
You are too injured to fight recklessly!
You hit the necrophage.
The necrophage is lightly damaged.
The necrophage hits you but does no damage.
You barely miss the necrophage.
The necrophage is lightly damaged.
The necrophage hits you but does no damage.
You barely miss the necrophage.
The necrophage is lightly damaged.
The necrophage hits you but does no damage.
You completely miss the necrophage.
The necrophage is lightly damaged.
The necrophage hits you.
You hit the necrophage.
The necrophage is lightly damaged.
The necrophage hits you.
You feel drained.
You barely miss the necrophage.
The necrophage is lightly damaged.
The necrophage barely misses you.
You hit the necrophage but do no damage.
The necrophage is lightly damaged.
The necrophage closely misses you.
You hit the necrophage.
The necrophage is lightly damaged.
You block the necrophage's attack.
You closely miss the necrophage.
The necrophage is lightly damaged.
The necrophage hits you.
* * * LOW HITPOINT WARNING * * *
You hit the necrophage.
The necrophage is moderately damaged.
The necrophage hits you but does no damage. x2
You closely miss the necrophage.
The necrophage is moderately damaged.
The necrophage hits you.
You die...

### ... #..
#.# #.# #.#.#
#.#n# #.#@#
#.#.# ##.
#.#.#
#...##.#.#####
..#......)...#
#........###.#
#....#.### #.#
..!.... #.#
#....## #.#


You could see a necrophage.

Vanquished Creatures
  Jessica (D:2)
  A ball python (D:1)
  2 bats (D:1)
  An endoplasm (D:1)
  3 quokkas
  A goblin (D:1)
  3 rats (D:1)
12 creatures vanquished.

Notes
Turn   | Place    | Note
-------+----------+-------------------------------------------
     0 | D:1      | HallandMoats the Demonspawn Fighter began the quest for the
                  | Orb.
     0 | D:1      | Reached XP level 1. HP: 18/18 MP: 1/1
   434 | D:1      | Gained mutation: You may rarely emit foul miasma when
                  | damaged in melee. [demonic ancestry]
   434 | D:1      | Reached XP level 2. HP: 24/24 MP: 2/2
   543 | D:1      | Found a faded altar of an unknown god.
   934 | D:1      | Prayed at the altar of an unknown god.
   934 | D:1      | Became a worshipper of Dithmenos the Shadowed
   934 | D:1      | Reached * piety under Dithmenos
  1035 | D:2      | Noticed Jessica
  1046 | D:2      | Killed Jessica
  1047 | D:2      | Discovered your monstrous ancestry.
  1047 | D:2      | Gained mutation: You have a small tail. [demonic ancestry]
  1047 | D:2      | Reached XP level 3. HP: 12/29 MP: 3/3
  1141 | D:2      | Noticed a necrophage
  1157 | D:2      | Slain by a necrophage

Illustrated notes

Levels and vault maps discovered:
D:1:      sevenhm_arrival_forest_fort_large_4, layout_basic,
          dreamdust_ecumenical_altar_angels_and_demons
D:2:      layout_loops_ring, grunt_decor_one_mirror, uniq_jessica

Skill      XL: |  1 |
---------------+----+-----
Axes           | 2 |  2.3
Fighting       | |  3.4
Armour         | |  2.9
Dodging        | |  0.5
Shields        | |  2.9

Action                   || total
-------------------------++-------
Melee: War axe           ||    14
       Dagger            ||    30
Armor: Scale mail        ||    17
Dodge: Dodged            ||    15
Block: Buckler           ||    11

Table legend: (Time is in decaauts)
 A = Elapsed time spent in this place.
 B = Non-inter-level travel time spent in this place.
 C = Inter-level travel time spent in this place.
 D = Time resting spent in this place.
 E = Time spent auto-exploring this place.
 F = Levels seen in this place.
 G = Mean time per level.
                   A        B        C        D        E       F      G
               +--------+--------+--------+--------+--------+-----+--------+
         Total |   1163 |   1113 |     50 |      0 |    992 |   2 |  581.5 |
       Dungeon |   1163 |   1113 |     50 |      0 |    992 |   2 |  581.5 |
               +--------+--------+--------+--------+--------+-----+--------+

Top non-repeatable levels by time:
     D:1: 949 daAuts
     D:2: 214 daAuts
